Map: Blackpink LE

Players

Hurricane - Winner!

  • Race: Protoss Protoss
  • Spawn Location: 1:00

Dark

  • Race: Zerg Zerg
  • Spawn Location: 7:00

Event: IEM Season 12 - Katowice

VOD

Have the link to the VOD?

Description

Time

  • Played on: March 1, 2018, 10:48 a.m.
  • Length: 11:35

All games in this series

Show
View Real Time Build Order
Export as new Build Order

Hurricane Protoss - Winner!

Build Orders: 1 Gate Expand, Oracle Opening, Phoenix Opening, Archon Immortal, Zealot Archon, Archon Drop 

Get SALT Encoding   

  12  0:00  Probe  
  13  0:12  Probe  
  14  0:18  Pylon  
  14  0:25  Probe (Chrono Boost)  
  15  0:37  Probe (Chrono Boost)  
  15  0:39  Gateway  
  16  0:45  Probe (Chrono Boost)  
  17  0:50  Assimilator  
  17  0:51  Probe  
  18  1:03  Probe  
  19  1:15  Probe  
  20  1:25  Nexus  
  20  1:35  Cybernetics Core  
  20  1:37  Probe  
  21  1:49  Probe, Assimilator  
  22  1:54  Pylon  
  22  2:01  Probe  
  23  2:10  Adept (Chrono Boost)  
  23  2:13  Probe  
  26  2:22  Stargate  
  26  2:25  Probe  
  26  2:29  Adept (Chrono Boost)  
  26  2:35  Warp Gate  
  28  2:39  Probe (Chrono Boost)  
  30  2:44  Probe (Chrono Boost)  
  30  2:48  Adept (Chrono Boost), Probe (Chrono Boost)  
  33  2:53  Probe x2 (Chrono Boost)  
  35  3:05  Probe  
  36  3:06  Oracle (Chrono Boost)  
  39  3:14  Probe  
  39  3:19  Probe  
  39  3:21  Gateway  
  39  3:25  Pylon  
  39  3:26  Probe  
  40  3:31  Probe  
  40  3:33  Assimilator  
  41  3:35  Phoenix  
  41  3:41  Probe (Chrono Boost)  
  44  3:43  Probe (Chrono Boost)  
  45  3:48  Assimilator  
  47  3:55  Probe (Chrono Boost)  
  47  3:56  Robotics Facility  
  47  3:58  Probe (Chrono Boost)  
  47  4:01  Probe (Chrono Boost)  
  48  4:05  Probe  
  49  4:10  Probe  
  49  4:15  Twilight Council  
  50  4:17  Probe  
  50  4:18  Gateway  
  50  4:21  Gateway  
  50  4:23  Probe  
  52  4:27  Pylon  
  52  4:29  Probe  
  53  4:35  Probe  
  54  4:40  Pylon  
  54  4:44  Warp Prism (Chrono Boost)  
  54  4:45  Probe  
  57  4:57  Charge (Chrono Boost)  
  57  4:58  Templar Archives  
  57  5:01  Zealot  
  57  5:02  Adept  
  61  5:08  Probe  
  61  5:09  Probe  
  61  5:11  Observer (Chrono Boost)  
  64  5:18  Nexus  
  64  5:21  Pylon  
  64  5:27  Probe x2  
  66  5:38  High Templar x2  
  66  5:40  High Templar  
  66  5:41  High Templar  
  66  5:42  Archon  
  74  5:45  Archon  
  74  5:46  Gateway  
  74  5:48  Gateway  
  74  5:49  Probe x2  
  76  5:51  Forge  
  76  6:10  Pylon  
  76  6:15  Immortal (Chrono Boost)  
  76  6:17  Pylon  
  78  6:19  Gateway  
  78  6:21  Gateway  
  78  6:26  Probe x2 (Chrono Boost)  
  78  6:28  Protoss Ground Weapons Level 1  
  78  6:29  Sentry  
  78  6:30  Zealot x2, Sentry  
  78  6:31  Probe (Chrono Boost)  
  89  6:41  Immortal (Chrono Boost)  
  89  6:42  Probe (Chrono Boost)  
  89  6:43  Probe x2 (Chrono Boost)  
  94  6:49  Probe  
  94  6:51  Probe  
  94  6:52  Probe  
  97  6:54  Assimilator  
  97  6:56  Assimilator  
  97  6:59  Pylon  
  97  7:01  Robotics Facility  
  97  7:05  Pylon  
  97  7:13  Immortal (Chrono Boost)  
  101  7:17  Probe x3  
  101  7:22  Psionic Storm  
  104  7:24  High Templar  
  104  7:27  Shield Battery  
  104  7:29  Pylon  
  106  7:30  Pylon, High Templar  
  108  7:42  Immortal (Chrono Boost)  
  110  7:52  High Templar  
  110  7:53  High Templar  
  110  7:56  Zealot x5  
  120  7:58  Shield Battery  
  120  8:01  Shield Battery  
  120  8:04  Archon  
  120  8:05  Zealot  
  123  8:14  Immortal (Chrono Boost)  
  123  8:17  Immortal (Chrono Boost)  
  121  8:21  Shield Battery  
  121  8:24  High Templar x2  
  125  8:28  Zealot x5  
  125  8:29  Zealot  
  125  8:30  Protoss Ground Weapons Level 2 (Chrono Boost)  
  137  8:34  Pylon x2  
  137  8:36  Pylon  
  133  8:48  Archon  
  133  8:49  Zealot  
  133  8:54  Zealot x5  
  129  9:01  Archon  
  129  9:02  Zealot x2  
  129  9:06  Immortal x2 (Chrono Boost)  
  131  9:11  High Templar  
  133  9:19  High Templar x2  
  133  9:24  Probe x3  
  140  9:26  High Templar  
  140  9:30  Zealot x3  
  148  9:32  Zealot  
  144  9:53  Immortal (Chrono Boost)  
  144  9:54  Observer (Chrono Boost)  
  144  9:59  High Templar x2  
  153  10:02  Nexus  
  153  10:03  Dark Shrine  
  153  10:06  Pylon  
  151  10:18  Immortal (Chrono Boost)  
  151  10:19  Pylon  
  151  10:21  Probe x2  
  157  10:25  Probe, Pylon  
  157  10:26  Pylon  
  157  10:27  Pylon  
  158  10:32  Immortal (Chrono Boost)  
  160  10:37  Zealot x2, High Templar x2  
  160  10:38  Zealot  
  160  10:41  Archon  
  166  11:01  Zealot x6  
  145  11:26  Archon  
  145  11:27  Archon x2  
  145  11:28  Zealot x8  
Show
View Real Time Build Order
Export as new Build Order

Dark Zerg 

Build Orders: Pool First, Roach Hydra, Swarm Host 

Get SALT Encoding   

  12  0:00  Drone  
  13  0:12  Overlord  
  13  0:16  Drone  
  14  0:31  Drone x2  
  16  0:37  Drone  
  17  0:48  Drone  
  17  0:49  Extractor  
  17  0:52  Spawning Pool  
  16  0:58  Drone  
  17  1:15  Drone  
  17  1:16  Hatchery  
  17  1:21  Drone  
  18  1:28  Drone  
  19  1:39  Zergling x2  
  20  1:43  Queen  
  22  1:51  Metabolic Boost  
  22  1:58  Overlord  
  22  2:15  Hatchery  
  21  2:17  Drone  
  22  2:25  Queen  
  22  2:28  Drone  
  25  2:36  Drone  
  26  2:42  Zergling x4  
  28  2:44  Drone x2  
  30  2:53  Drone x3  
  32  2:58  Drone  
  32  3:00  Drone  
  32  3:03  Drone  
  35  3:11  Spore Crawler  
  34  3:17  Drone x3  
  36  3:22  Overlord  
  36  3:30  Drone x4  
  36  3:32  Queen  
  42  3:41  Spore Crawler  
  42  3:42  Drone x3  
  42  3:48  Spore Crawler  
  43  3:50  Drone x2  
  43  3:51  Drone  
  46  4:00  Drone x3  
  46  4:01  Drone x2  
  50  4:06  Drone  
  50  4:12  Drone x2  
  50  4:19  Overlord  
  50  4:24  Roach Warren, Lair  
  49  4:28  Overlord  
  49  4:30  Drone  
  50  4:37  Queen  
  52  4:39  Drone x3  
  52  4:40  Zergling x4  
  52  4:41  Drone  
  52  4:43  Evolution Chamber  
  56  4:47  Drone x3  
  56  4:48  Drone x2  
  56  4:49  Drone  
  56  4:50  Drone  
  62  4:56  Drone x2  
  62  4:57  Drone  
  65  5:00  Overlord x2  
  65  5:03  Extractor  
  64  5:08  Extractor x2  
  64  5:09  Overlord  
  64  5:10  Drone x2  
  64  5:11  Drone  
  65  5:14  Zerg Missile Weapons Level 1  
  65  5:18  Drone x2, Overlord x2  
  65  5:19  Drone  
  65  5:20  Extractor  
  67  5:24  Drone, Glial Reconstitution  
  67  5:26  Roach x2  
  72  5:29  Roach  
  72  5:31  Roach  
  76  5:38  Drone x4  
  76  5:40  Roach  
  76  5:41  Roach  
  83  5:45  Roach x2  
  83  5:48  Roach  
  89  6:01  Roach  
  89  6:06  Drone x8  
  89  6:08  Hydralisk Den  
  89  6:09  Extractor  
  94  6:13  Drone x2  
  94  6:17  Drone  
  94  6:25  Drone x2  
  93  6:29  Overlord  
  93  6:34  Overlord  
  93  6:35  Overlord  
  93  6:37  Hydralisk, Grooved Spines  
  93  6:38  Hydralisk x2  
  99  6:44  Drone  
  100  6:47  Hydralisk x2  
  100  6:48  Hydralisk x2  
  100  6:49  Overseer  
  108  6:54  Hydralisk  
  108  6:55  Hydralisk x2  
  108  7:01  Hatchery, Hydralisk x4  
  113  7:06  Hydralisk x3  
  127  7:13  Overlord  
  127  7:14  Overlord  
  127  7:22  Overlord  
  127  7:27  Zerg Missile Weapons Level 2, Overlord x2  
  127  7:32  Roach  
  127  7:33  Roach x5  
  127  7:35  Roach  
  141  7:38  Roach  
  141  7:42  Roach x2  
  147  7:47  Roach x2  
  147  7:48  Roach  
  147  7:49  Muscular Augments  
  149  7:52  Roach x2  
  149  7:53  Roach  
  149  7:54  Roach  
  149  7:55  Overlord  
  156  8:04  Roach x2  
  160  8:06  Roach  
  160  8:10  Overlord x2  
  156  8:14  Roach x2  
  156  8:18  Roach x2  
  160  8:22  Roach x4  
  160  8:23  Roach x2  
  172  8:34  Roach, Overlord  
  172  8:35  Roach x2  
  178  8:43  Roach x2  
  178  8:45  Roach x2  
  166  8:50  Hydralisk x2  
  166  8:52  Roach x3  
  162  8:55  Roach  
  162  8:57  Hydralisk  
  140  9:07  Hydralisk x3  
  118  9:10  Drone  
  118  9:11  Hydralisk x2  
  118  9:14  Infestation Pit, Hydralisk x2  
  118  9:16  Spore Crawler, Hydralisk  
  123  9:18  Hydralisk  
  123  9:21  Hydralisk x2  
  123  9:22  Hydralisk  
  131  9:27  Hydralisk  
  133  9:32  Hydralisk x2  
  133  9:34  Hydralisk  
  137  9:39  Hydralisk  
  137  9:43  Hydralisk x4  
  149  9:45  Roach  
  149  9:47  Roach  
  151  9:54  Drone x3  
  153  10:05  Hydralisk x3  
  159  10:10  Drone x2, Extractor  
  159  10:11  Extractor, Overseer  
  159  10:22  Overlord x2  
  159  10:24  Drone  
  159  10:26  Baneling Nest  
  159  10:37  Drone  
  159  10:41  Swarm Host x7  
  181  10:46  Queen  
  181  10:53  Zergling x2  
  181  10:54  Zergling x8  
  184  11:01  Swarm Host x2  
  184  11:03  Zergling x12  

Tags
 
Add a new tag
Caveats
  • Supply blocks, unpowered buildings, or Contaminate may cause inaccurate times.
  • Supply counts are checked every 10 seconds.